 Dungeon Sprint DCSS version 0.30-a0-912-ge10d75a369 (webtiles) character file.

Game seed: 13246873660630714794

2979 Conn the Thaumaturge (level 9, -23/55 HPs)
             Began as an Octopode Fire Elementalist on Mar 19, 2023.
             Was an Elder of Sif Muna.
             Shot with a bolt by a yaktaur captain (51 damage)
             ... in the Dungeon (Sprint II: "The Violet Keep of Menkaure").
             The game lasted 00:18:19 (706 turns).

Conn the Thaumaturge (Octopode Fire Elementalist)    Turns: 706, Time: 00:18:19

Health: -23/55     AC:  1    Str:  7    XL:     9   Next: 82%
Magic:  3/34       EV: 15    Int: 22    God:    Sif Muna [****..]
Gold:   304        SH:  5    Dex: 12    Spells: 17/33 levels left

rFire   + . .      SeeInvis .    t - +0 short sword
rCold   + . .      Faith    .    (no shield)
rNeg    . . .      Spirit   .    (helmet restricted)
rPois   +          Reflect  +    o - amulet of reflection
rElec   +          Rampage  .    i - ring of wizardry
rCorr   +          NoTele   +    k - ring of magical power
Will    +....                    q - ring of willpower
Stlth   +++++                    u - ring of poison resistance
HPRegen 0.29/turn                (no ring)
MPRegen 0.24/turn                (no ring)
                                 (no ring)
                                 (no ring)

@: resistant
A: almost no armour, amphibious, 8 rings, camouflage 1, gelatinous body 1,
nimble swimmer 1, tentacles
a: Renounce Religion, Channel Magic, Forget Spell, Divine Exegesis


You were in the Dungeon.
You worshipped Sif Muna.
Sif Muna was greatly pleased with you.
You visited 1 branch You collected 860 gold pieces.
You spent 556 gold pieces at shops.

Inventory:

Hand Weapons
 e - a +0 arbalest
 t - a +0 short sword (weapon)
Jewellery
 i - a ring of wizardry (left tentacle)
 k - a ring of magical power (right tentacle)
 o - an amulet of reflection (around mantle)
 q - a ring of willpower (on tentacle)
 u - a ring of poison resistance (on tentacle)
Scrolls
 d - a scroll of magic mapping
 f - a scroll of blinking
 h - a scroll of fog
 l - 2 scrolls of enchant weapon
 n - a scroll of enchant armour
 s - a scroll of vulnerability
Potions
 a - 5 potions of magic
 b - a potion of curing
 g - 2 potions of might
 j - a potion of attraction
 m - a potion of cancellation
 p - a potion of resistance
 r - 2 potions of flight


   Skills:
 + Level 2.5 Fighting
 + Level 6.1 Dodging
 - Level 6.4 Stealth
 + Level 2.2 Shields
 - Level 1.2 Unarmed Combat
 * Level 12.7 Spellcasting
 * Level 8.3 Conjurations
 + Level 2.9 Hexes
 + Level 1.0 Translocations
 + Level 12.4 Fire Magic
 - Level 4.1 Ice Magic


You had 17 spell levels left.
You knew the following spells:

 Your Spells              Type           Power      Damage    Failure   Level
a - Foxfire               Conj/Fire      100%       2x1d9     1%          1
b - Ozocubu's Armour      Ice            32%        N/A       1%          3
c - Inner Flame           Hex/Fire       47%        N/A       1%          3
d - Flame Wave            Conj/Fire      56%        2d13      1%          4
e - Scorch                Fire           100%       2d10      1%          2
f - Kindle Blastsparks    Fire/Tloc/Air  66%        2d15      1%          3

Your spell library contained the following spells:

 Spells                   Type           Power      Damage    Failure   Level
 Animate Dead             Necr           14%        N/A       17%         4
 Ozocubu's Refrigeration  Ice            16%        4d11      94%         7
 Haunt                    Necr/Summ      7%         N/A       100%        7
 Infestation              Necr           7%         N/A       100%        8


Dungeon Overview and Level Annotations

Branches:
Dungeon (1/1)

Altars:
Cheibriados
Dithmenos
Elyvilon
Fedhas
Gozag
Hepliaklqana
Kikubaaqudgha
Makhleb
Nemelex Xobeh
Okawaru
Qazlal
Ru
Sif Muna
Trog
Uskayaw
Vehumet
Wu Jian
Xom
Yredelemnul
Zin
The Shining One
Jiyva
Lugonu

Shops:
D =::(!![([?:([=*

Annotations:
D exclusions: ice statue and oklob plant, Kirke


Innate Abilities, Weirdness & Mutations

You cannot wear most types of armour.
You are amphibious.
You can wear up to eight rings at the same time.
Your skin changes colour to match your surroundings (Stealth+).
Your rubbery body absorbs attacks. (AC +1, EV +1)
You are camouflaged when in or above water. (Stealth+)
You have tentacles for arms and can constrict up to eight enemies at once.


Message History

Deactivating autopickup; reactivate with Ctrl-A.
The skeletal warrior is engulfed in a cloud of scalding steam.
Flame seeps out of the skeletal warrior.
Casting: Ozocubu's Armour (safe; 1% risk of failure)
Confirm with . or Enter, or press ? or * to list all spells.
Casting: Flame Wave (safe; 1% risk of failure)
Press: ? - help, Dir - look around, f - activate A wave of flame ripples out!
The flame wave engulfs something!
The flame wave engulfs the skeletal warrior but does no damage.
The skeletal warrior is lightly damaged. (Press . to intensify the flame waves.)
Something barely misses you.
A wave of flame ripples out!
The flame wave engulfs the skeletal warrior.
Flame seeps out of the skeletal warrior.
The skeletal warrior is moderately damaged.
Sif Muna accepts your kill.
You feel a bit more experienced.
The skeletal warrior hits you with a +0 war axe!!
A wave of flame ripples out!
The flame wave engulfs the skeletal warrior!
Flame seeps out of the skeletal warrior.
The skeletal warrior is moderately damaged.
You finish channelling waves of flame.
The skeletal warrior hits you with a +0 war axe!
* * * LOW HITPOINT WARNING * * *
You feel much better.
The skeletal warrior is engulfed in a cloud of scalding steam.
Flame seeps out of the skeletal warrior.
The skeletal warrior splashes around in the water.
You feel protected.
The skeletal warrior completely misses you.
Your icy armour will break if you move.
Continue?
Your icy armour cracks and falls away as you move.
Unknown command.
The yaktaur captain shouts!
The yaktaur captain wields a +0 arbalest.
The yaktaur captain shoots a bolt.
The bolt hits you!!!
Ouch! That really hurt!
You die...

###########~~~...z@Y§§.#,,+,
##.......∩#~~~{.##+##§§#,,**
##∩.....∩.#~~~~##$*.##.####,
##.∩...∩.∩#~~~~#..*..*....#,
##∩.∩.∩.∩.#~~###*.#.*###..##
##.∩...∩..#†##.###'#*#.##..#
##..∩.c...#~#...##.####.#..#
##...⌠....')'.#.+.<÷'.##'..#
##........#@#...##B##...#..§
#▓▓▓▓▓▓▓###~##.###+###.##§§§
##$[(######~~#####.#####~~..
#$.$#l,+,##~z~#..#†.#~~~~~§
#∩P?+!l*+*#'#~##.#.##~~§§~~
#$)?#[#*~*#(#~~##+##§~§§§≈~
*,,,***~~~####~~~~~~~~~~≈§§
**+***~~~~~*,#+++#+++#~§≈≈§
*,,,**~~~~~***~~○°≈≈~##≈§≈#


You could see a yaktaur captain and a skeletal warrior (inner flame).

Vanquished Creatures
  A merfolk siren (D)
  An elephant (D)
  2 unseen horrors (D)
  A kobold demonologist (D)
  A yaktaur (D)
  2 polar bears (D)
  Menkaure (D)
  4 water moccasins (D)
  5 scorpions (D)
  4 electric eels (D)
  3 worms (D)
25 creatures vanquished.

Vanquished Creatures (others)
  44 foxfires (D)
  16 tentacles (D)
60 creatures vanquished.

Grand Total: 85 creatures vanquished

Notes
Turn   | Place    | Note
-------+----------+-------------------------------------------
     0 | D        | Conn the Octopode Fire Elementalist began the quest for the
                  | Orb.
     0 | D        | Reached XP level 1. HP: 11/11 MP: 3/3
     1 | D        | Noticed a merfolk siren
     4 | D        | Noticed a boulder beetle
     4 | D        | Noticed a boulder beetle
    10 | D        | Noticed a scorpion
    10 | D        | Noticed a scorpion
    21 | D        | Killed a scorpion
    22 | D        | Reached XP level 2. HP: 18/18 MP: 1/6
    22 | D        | Reached XP level 3. HP: 22/22 MP: 1/7
    22 | D        | Reached XP level 4. HP: 27/27 MP: 1/9
    24 | D        | Killed a scorpion
    25 | D        | Reached skill level 1 in Fighting
    25 | D        | Reached skill level 1 in Unarmed Combat
    25 | D        | Reached XP level 5. HP: 33/33 MP: 1/11
    36 | D        | Learned a level 2 spell: Scorch
    40 | D        | Learned a level 3 spell: Inner Flame
    45 | D        | Learned a level 4 spell: Flame Wave
    62 | D        | Noticed Menkaure
    62 | D        | Noticed a water moccasin
    65 | D        | Killed a water moccasin
    74 | D        | Reached skill level 5 in Spellcasting
    75 | D        | Killed Menkaure
    76 | D        | Reached skill level 5 in Stealth
    76 | D        | Reached XP level 6. HP: 33/38 MP: 10/14
    80 | D        | Found a glowing golden altar of the Shining One.
    80 | D        | Found an ornate altar of the Wu Jian Council.
    81 | D        | Found a shimmering altar of Xom.
    81 | D        | Found a sacrificial altar of Ru.
    82 | D        | Found a basalt altar of Yredelemnul.
    82 | D        | Found a shimmering blue altar of Sif Muna.
    83 | D        | Found a glowing silver altar of Zin.
    83 | D        | Found a bloodstained altar of Trog.
    83 | D        | Found an ancient bone altar of Kikubaaqudgha.
    83 | D        | Found a stormy altar of Qazlal.
    83 | D        | Found a viscous altar of Jiyva.
    84 | D        | Found a hide-covered altar of Uskayaw.
    84 | D        | Found a corrupted altar of Lugonu.
    84 | D        | Found a shadowy altar of Dithmenos.
    85 | D        | Found a radiant altar of Vehumet.
    85 | D        | Found a burning altar of Makhleb.
    85 | D        | Found a white marble altar of Elyvilon.
    86 | D        | Found a sparkling altar of Nemelex Xobeh.
    86 | D        | Found a blossoming altar of Fedhas.
    88 | D        | Found an iron altar of Okawaru.
    88 | D        | Found an opulent altar of Gozag.
    88 | D        | Found a hazy altar of Hepliaklqana.
    88 | D        | Found a snail-covered altar of Cheibriados.
    93 | D        | Became a worshipper of Sif Muna the Loreminder
   101 | D        | Noticed a water moccasin
   101 | D        | Noticed a water moccasin
   106 | D        | Noticed a kraken
   243 | D        | Noticed a water moccasin
   256 | D        | Killed a water moccasin
   266 | D        | Killed a water moccasin
   267 | D        | Reached skill level 5 in Dodging
   267 | D        | Reached skill level 5 in Conjurations
   267 | D        | Reached XP level 7. HP: 44/44 MP: 3/17
   271 | D        | Noticed a yaktaur
   271 | D        | Noticed a hornet
   271 | D        | Noticed a polar bear
   273 | D        | Noticed a polar bear
   294 | D        | Killed a polar bear
   294 | D        | Reached * piety under Sif Muna
   295 | D        | Reached skill level 1 in Hexes
   295 | D        | Reached skill level 10 in Fire Magic
   296 | D        | Killed a yaktaur
   297 | D        | Reached XP level 8. HP: 14/50 MP: 0/21
   297 | D        | Killed a polar bear
   298 | D        | Reached skill level 1 in Shields
   354 | D        | Reached ** piety under Sif Muna
   477 | D        | Noticed an ice statue
   482 | D        | Found Ocol's Book Emporium.
   483 | D        | Found Jutza's Antique Armour Emporium.
   483 | D        | Found Ytueg's Weapon Shoppe.
   489 | D        | Reached skill level 10 in Spellcasting
   489 | D        | Found Oletsufi's Armour Emporium.
   494 | D        | Found Kametiul's Antique Armour Shoppe.
   494 | D        | Found Buckuj's Distillery.
   494 | D        | Found Narghilekk's General Store.
   494 | D        | Found Irejok's Magic Scroll Shoppe.
   495 | D        | Found Meophufo's Antique Weapon Shoppe.
   496 | D        | Found Fontem's Jewellery Shoppe.
   499 | D        | Found Jafeusos's Distillery.
   499 | D        | Found Laatycsa's Weapon Shoppe.
   499 | D        | Noticed a great orb of eyes
   499 | D        | Noticed an oklob plant
   502 | D        | Found Qoidaesi's Book Shoppe.
   502 | D        | Found Ymenloung's Book Shoppe.
   502 | D        | Found Plog's Jewellery Emporium.
   512 | D        | Noticed a wyvern
   514 | D        | Noticed a wyvern
   536 | D        | Bought Ozocubu's Autobiography for 336 gold pieces
   540 | D        | Learned a level 3 spell: Ozocubu's Armour
   545 | D        | Learned a level 3 spell: Kindle Blastsparks
   548 | D        | Bought a ring of poison resistance for 220 gold pieces
   566 | D        | Killed a merfolk siren
   566 | D        | Reached *** piety under Sif Muna
   567 | D        | Reached XP level 9. HP: 55/55 MP: 24/24
   597 | D        | Noticed a centaur warrior
   597 | D        | Noticed Kirke
   597 | D        | Noticed a yaktaur captain
   598 | D        | Noticed a kobold demonologist
   611 | D        | Killed a kobold demonologist
   611 | D        | Noticed an elephant
   617 | D        | Noticed a skeletal warrior
   621 | D        | Killed an elephant
   621 | D        | Reached **** piety under Sif Muna
   692 | D        | Killed an unseen horror
   693 | D        | Reached skill level 1 in Translocations
   698 | D        | Killed an unseen horror
   706 | D        | Shot with a bolt by a yaktaur captain

Illustrated notes

Levels and vault maps discovered:
D:        the_violet_keep_of_menkaure [sprint2_stairs_cluster_1,
          sprint2_shoproom, sprint2_temple, sprint2_basic_supplies,
          sprint2_obstacle_2, sprint2_obstacle_3, sprint2_obstacle_7,
          sprint2_obstacle_4, sprint2_obstacle_5, sprint2_timed_cluster_1,
          sprint2_smallroom_cluster_1, sprint2_smallroom_final_cluster_1,
          sprint2_transparent_cluster_1, sprint2_second_timed_cluster_1,
          sprint2_sniper_area_1, sprint2_heavy_combat_area_1,
          sprint2_mutation_trap_area_1, sprint2_forest_area_1,
          sprint2_light_combat_area_1, sprint2_behind_water_1,
          sprint2_near_end_vault_1]

Skill      XL: |  1  2  3  4  5  6  7  8  9 |
---------------+----------------------------+-----
Dodging        | 3 4 5 6 |  6.1
Stealth        | 4 5 6 |  6.4
Spellcasting   | 3 4 5 7 9 11 12 | 12.7
Fire Magic     | 6 7 8 9 10 11 12 | 12.4
Fighting       | 1 2 |  2.5
Unarmed Combat | 1 |  1.2
Conjurations   | 2 3 5 6 7 8 |  8.3
Hexes          | 1 2 |  2.9
Shields        | 1 2 |  2.2
Ice Magic      | 2 4 |  4.1
Translocations | 1 |  1.0

Action                     |  1- 3 |  4- 6 |  7- 9 || total
---------------------------+-------+-------+-------++-------
  Melee: Unarmed           |     6 |     9 |       ||    15
         Constrict         |     2 |     5 |     1 ||     8
         Tentacles         |       |     3 |     1 ||     4
         Punch             |       |     1 |       ||     1
         Short sword       |       |       |     3 ||     3
   Cast: Foxfire           |     2 |    12 |    13 ||    27
         Scorch            |       |     4 |    15 ||    19
         Inner Flame       |       |     1 |     8 ||     9
         Ozocubu's Armour  |       |       |     2 ||     2
         Flame Wave        |       |       |     2 ||     2
         Kindle Blastspark |       |       |     1 ||     1
    Use: Potion            |     2 |     3 |     4 ||     9
         Scroll            |       |     8 |     1 ||     9
   Stab: Sleeping          |       |       |     1 ||     1
 Armour: Skin              |     1 |       |     3 ||     4
  Dodge: Dodged            |     1 |     5 |    23 ||    29
  Block: Other             |       |       |    10 ||    10

Table legend: (Time is in decaauts)
 A = Elapsed time spent in this place.
 B = Non-inter-level travel time spent in this place.
 C = Inter-level travel time spent in this place.
 D = Time resting spent in this place.
 E = Time spent auto-exploring this place.
 F = Levels seen in this place.
 G = Mean time per level.
                   A        B        C        D        E       F      G
               +--------+--------+--------+--------+--------+-----+--------+
         Total |    699 |    699 |      0 |    147 |      0 |   1 |  699.0 |
       Dungeon |    699 |    699 |      0 |    147 |      0 |   1 |  699.0 |
               +--------+--------+--------+--------+--------+-----+--------+

Top non-repeatable levels by time:
       D: 699 daAuts
